 Dungeon Crawl Stone Soup version 0.31-a0-217-g58bb5d79cf (webtiles) character file.

Game seed: 14905569096689099078

352 Essalna the Firebug (level 6, -3/36 HPs)
             Began as a Tengu Fire Elementalist on July 3, 2023.
             Was an Initiate of Vehumet.
             Slain by a gnoll
             ... wielding a +0 club
             ... led by a gnoll bouda
              (6 damage)
             ... on level 3 of the Dungeon.
             The game lasted 00:07:03 (3940 turns).

Essalna the Firebug (Tengu Fire Elementalist)       Turns: 3940, Time: 00:07:03

Health: -3/36      AC: -1    Str:  8    XL:     6   Next: 61%
Magic:  9/11       EV: 14    Int: 24    God:    Vehumet [......]
Gold:   102        SH:  0    Dex: 14    Spells: 4/11 levels left

rFire   . . .        g - +0 hand axe (flame)
rCold   . . .        (no shield)
rNeg    + . .        a - +0 robe
rPois   .            e - +5 hat of Lilacs {Stlth+}
rElec   .            (no cloak)
rCorr   .            (no gloves)
SInv    .            (boots unavailable)
Will    .....        (no amulet)
Stlth   +++          c - ring of positive energy
HPRegen 0.26/turn    i - +6 ring of intelligence
MPRegen 0.12/turn

%: no passive effects
@: weakened, corroded, flying quickly and evasively, quick
A: beak, talons 3, nimble flight
a: Renounce Religion


You were on level 3 of the Dungeon.
You worshipped Vehumet.
Vehumet was noncommittal.
You visited 2 branches of the dungeon, and saw 7 of its levels.

You collected 102 gold pieces.

Inventory:

Hand Weapons
 g - a +0 hand axe of flaming (weapon)
Armour
 a - a +0 robe (worn)
 e - the +5 hat of Lilacs (worn) {Stlth+}
   (You acquired it on level 1 of the Dungeon)

   Stlth:     It makes you more stealthy.
Magical Staves
 r - a staff of poison
Jewellery
 c - a ring of positive energy (left hand)
 d - a ring of flight
 i - a +6 ring of intelligence (right hand)
Scrolls
 f - 5 scrolls of identify
 j - a scroll of silence
 n - a scroll of immolation
Potions
 b - a potion of magic
 h - 3 potions of degeneration {unknown}
 l - a potion of lignification {unknown}
 m - a potion of resistance {unknown}
 o - a potion of brilliance {unknown}
 p - a potion of enlightenment {unknown}


   Skills:
 + Level 2.9 Fighting
 - Level 2.1 Dodging
 - Level 2.0 Stealth
 + Level 3.3 Spellcasting
 + Level 4.3 Conjurations
 + Level 4.8 Fire Magic
 + Level 1.2 Poison Magic


You had 4 spell levels left.
You knew the following spells:

 Your Spells              Type           Power      Damage    Failure   Level
a - Foxfire               Conj/Fire      100%       2x1d9     1%          1
b - Scorch                Fire           54%        2d7       2%          2
c - Olgreb's Toxic Radia  Pois           9%         N/A       54%         4

Your spell library contained the following spells:

 Spells                   Type           Power      Damage    Failure   Level
 Sting                    Tmut/Pois      24%        1d4       9%          1
 Poisonous Vapours        Pois/Air       12%        N/A       12%         2
 Inner Flame              Hex/Fire       15%        N/A       12%         3
 Volatile Blastmotes      Fire/Tloc      30%        2d12      12%         3
 Hailstorm                Conj/Ice       14%        3d5       13%         3
 Flame Wave               Conj/Fire      25%        2d8       16%         4
 Ice Form                 Ice/Tmut       3%         N/A       71%         4
 Simulacrum               Ice/Necr       1%         N/A       100%        6


Dungeon Overview and Level Annotations

Branches:
Dungeon (6/15)             Temple (1/1) D:5

Altars:
Elyvilon
Fedhas
Okawaru
Sif Muna
Vehumet
Wu Jian
Xom
Yredelemnul


Innate Abilities, Weirdness & Mutations

You have a beak for a mouth.
You have claws for feet.
Your magical nature lets you fly swiftly and evasively.


Message History

As you read the scroll labelled MEUNLU LUIDU, it crumbles to dust.
You feel strangely unstable.
It was a scroll of teleportation.
Your surroundings suddenly seem different.
An endoplasm, a ball python, a jelly and 5 gnolls come into view.
Found a hand axe.
Found a stone staircase leading up.
The jelly quivers.
The gnoll shouts! x2; The gnoll bouda shouts!
The endoplasm quivers.
The gnoll shouts!
There is a stone staircase leading up here.
The gnoll hits you with a +0 club.
The gnoll bouda gazes fiercely through you!
You feel your attacks grow feeble.
The gnoll bouda hits you with a +0 whip!
The jelly hits you but does no damage.
You fly upwards.
There is a stone staircase leading down here.
Okay, then.
Unknown command.
Unknown command.
You aren't carrying any items that you can evoke.
Unknown command.
Unknown command.
Unknown command.
Casting: Scorch (safe; 2% risk of failure)
Confirm with . or Enter, or press ? or * to list all spells.
Okay, then.
Okay, then.
Unknown command.
Okay, then.
You hit the jelly. You burn the jelly. The acid corrodes you!
Your hands burn!
The jelly is moderately wounded.
You hit the gnoll bouda. You burn the gnoll bouda. You hit the gnoll.
You burn the gnoll. The jelly hits you. The acid corrodes you!
You are splashed with acid!
* * * LOW HITPOINT WARNING * * *
The gnoll bouda hits you with a +0 whip!
* * * LOW HITPOINT WARNING * * *
The gnoll hits you with a +0 club.
You die...

.................##.##.#.#.#..#.#
#...#...)........##.##.#.#.#..#.#
#...#...###########.##.#.#....#.#
#...#....# #...##.#......#.#
#...#.#..# ##.####..........#
#...#.#..#######..###############
#####.#...........รท.............#
#.########.gJ##############.#
#..........g@# #.# ##############
#.# ## #.# .# #.# .# #.# .# #.# .#
#.# .# #.# .# #.#


You could see a gnoll bouda, a jelly and a gnoll.

Vanquished Creatures
  A black bear (D:6)
  An ogre (D:4)
  A hound (D:5)
  An orc priest (D:5)
  An iguana (D:5)
  3 adders
  A worm (D:3)
  A dart slug (D:3)
  4 orcs (D:5)
  3 ball pythons
  3 endoplasms
  2 giant cockroaches
  12 goblins
  3 hobgoblins
  3 jackals (D:4)
  2 quokkas (D:3)
  7 bats
  3 frilled lizards
  5 kobolds
  5 rats
62 creatures vanquished.

Vanquished Creatures (others)
  267 foxfires
267 creatures vanquished.

Grand Total: 329 creatures vanquished

Notes
Turn   | Place    | Note
-------+----------+-------------------------------------------
     0 | D:1      | Essalna the Tengu Fire Elementalist began the quest for the
                  | Orb.
     0 | D:1      | Reached XP level 1. HP: 10/10 MP: 4/4
   200 | D:1      | Reached XP level 2. HP: 16/16 MP: 1/6
   448 | D:1      | Reached skill level 1 in Fighting
   456 | D:1      | Identified a scroll of acquirement
   456 | D:1      | Acquired the +5 hat of Lilacs {Stlth+}
  1439 | D:2      | Reached XP level 3. HP: 20/20 MP: 2/7
  1744 | D:2      | Found a faded altar of an unknown god.
  1786 | D:2      | Found an ornate altar of the Wu Jian Council.
  2258 | D:3      | Reached XP level 4. HP: 25/25 MP: 3/8
  2446 | D:3      | Found an iron altar of Okawaru.
  3225 | D:3      | You fall into a shaft and drop 3 floors!
  3278 | D:6      | Noticed a black bear
  3286 | D:6      | Killed a black bear
  3287 | D:6      | Gained mutation: Your magical nature lets you fly swiftly
                  | and evasively. [Tengu growth]
  3287 | D:6      | Reached XP level 5. HP: 31/31 MP: 0/10
  3373 | D:5      | Entered Level 5 of the Dungeon
  3511 | D:5      | Found an ornate altar of the Wu Jian Council.
  3521 | D:5      | Learned a level 2 spell: Scorch
  3526 | D:5      | Learned a level 4 spell: Olgreb's Toxic Radiance
  3572 | D:5      | Reached XP level 6. HP: 18/36 MP: 5/11
  3651 | D:5      | Found a staircase to the Ecumenical Temple.
  3659 | Temple   | Entered the Ecumenical Temple
  3700 | Temple   | Became a worshipper of Vehumet
  3908 | D:4      | Reached skill level 1 in Poison Magic
  3940 | D:3      | Slain by a gnoll

Illustrated notes

Levels and vault maps discovered:
D:1:      dpeg_arrival_radiant, layout_basic
D:2:      layout_rooms, hellmonk_ecumenical_altar_run_dry, basic_altar
D:3:      layout_basic, okawaru_metal_pillars_1_2, kennysheep_generic_room_14
D:4:      layout_cave_pods, nicolae_qazlal_scattered_showers,
          eat_drink_and_be_merry_uskayaw, lightli_sewer_entry_pipes
D:5:      layout_basic, nzn_wu_jian_council_hall, minmay_temple_entry_wispy,
          serial_shops, shop
D:6:      layout_gridville, mainiacjoe_overflow_six_doors_small
Temple:   oiseaux_autumnal_temple

Skill      XL: |  1  2  3  4  5  6 |
---------------+-------------------+-----
Conjurations   | 2 3 4 |  4.3
Fighting       | 1 2 |  2.9
Fire Magic     | 4 |  4.8
Spellcasting   | 3 |  3.3
Poison Magic   | 1 |  1.2
Dodging        | |  2.1
Stealth        | |  2.0

Action                     |  1- 3 |  4- 6 || total
---------------------------+-------+-------++-------
  Melee: Unarmed           |     5 |       ||     5
         Kick              |     6 |     5 ||    11
         Hand axe          |    13 |    26 ||    39
         Peck              |     2 |     1 ||     3
   Cast: Foxfire           |    92 |    64 ||   156
         Scorch            |       |     1 ||     1
    Use: Scroll            |     2 |     4 ||     6
   Stab: Sleeping          |       |     2 ||     2
 Armour: Robe              |     6 |    10 ||    16
  Dodge: Dodged            |    18 |    20 ||    38

Table legend: (Time is in decaauts)
 A = Elapsed time spent in this place.
 B = Non-inter-level travel time spent in this place.
 C = Inter-level travel time spent in this place.
 D = Time resting spent in this place.
 E = Time spent auto-exploring this place.
 F = Levels seen in this place.
 G = Mean time per level.
                   A        B        C        D        E       F      G
               +--------+--------+--------+--------+--------+-----+--------+
         Total |   3910 |   3801 |    109 |      0 |   3219 |   7 |  558.6 |
       Dungeon |   3857 |   3763 |     94 |      0 |   3198 |   6 |  642.8 |
        Temple |     53 |     39 |     14 |      0 |     20 |   1 |   53.0 |
               +--------+--------+--------+--------+--------+-----+--------+

Top non-repeatable levels by time:
     D:1: 1397 daAuts
     D:3: 1052 daAuts
     D:2: 781 daAuts
     D:5: 395 daAuts
     D:6: 146 daAuts
     D:4: 83 daAuts
  Temple: 53 daAuts
